 Dungeon Crawl Stone Soup version 0.23.0-3-gf3c87f2 (webtiles) character file.

Game seed: 9337930282100142931

173 Faca the Cutter (level 5, -3/37 HPs)
             Began as a Halfling Abyssal Knight on Feb 23, 2019.
             Was a Believer of Lugonu.
             Killed from afar by an orc wizard (10 damage)
             ... with a puff of frost
             ... on level 3 of the Dungeon.
             The game lasted 00:06:22 (3227 turns).

Faca the Cutter (Halfling Abyssal Knight)           Turns: 3227, Time: 00:06:23

Health: -3/37      AC:  7    Str: 13    XL:     5   Next: 83%
Magic:  6/6        EV: 12    Int: 10    God:    Lugonu [**....]
Gold:   63         SH:  0    Dex: 15    Spells: 4/4 levels left

rFire    . . .     SeeInvis .   a - +1 short sword
rCold    . . .     Gourm    .   (shield restricted)
rNeg     . . .     Faith    .   d - +1 ring mail
rPois    .         Spirit   .   h - +0 helmet
rElec    .         Reflect  .   (no cloak)
rCorr    .         Harm     .   (no gloves)
MR       .....                  (no boots)
Stlth    +.........             (no amulet)
HPRegen  0.12/turn              (no ring)
MPRegen  0.10/turn              (no ring)

@: no status effects
A: small, mutation resistance 1
a: Depart the Abyss, Bend Space, Renounce Religion


You were on level 3 of the Dungeon.
You worshipped Lugonu.
Lugonu was pleased with you.
You were hungry.

You visited 1 branch of the dungeon, and saw 3 of its levels.
You visited the Abyss 1 time.

You collected 63 gold pieces.

Inventory:

Hand Weapons
 a - a +1 short sword (weapon)
Armour
 d - a +1 ring mail (worn)
 h - a +0 helmet (worn)
Wands
 e - a wand of paralysis (2)
Scrolls
 b - a scroll of enchant armour
 i - 3 scrolls of remove curse
Potions
 f - a potion of agility {unknown}
 g - a potion of haste
 j - a potion of flight {unknown}
 k - a potion of lignification
 l - a potion of heal wounds
Comestibles
 c - 5 rations


   Skills:
 + Level 4.3 Fighting
 + Level 5.0 Short Blades
 - Level 2.1 Armour
 - Level 1.1 Dodging
 - Level 2.0 Invocations


You had 4 spell levels left.
You didn't know any spells.
Your spell library was empty.

Dungeon Overview and Level Annotations

Branches:
Dungeon (3/15)

Altars:
Yredelemnul


Innate Abilities, Weirdness & Mutations

You are small and have problems with some larger weapons.
You are somewhat resistant to further mutation.


Message History

The orc is moderately wounded.
The orc wizard points at you and mumbles some strange words.
The puff of flame hits you but does no damage.
You hit the orc.
You kill the orc!
Lugonu accepts your kill. The orc wizard barely misses you.
The orc priest invokes the aid of Beogh against you.
Beogh smites you!
The orc wizard points at you and mumbles some strange words.
The magic dart hits you.
The orc wizard mumbles some strange words.
The orc wizard seems to speed up.
The orc wizard casts a spell at you. The puff of flame hits you!
* * * LOW HITPOINT WARNING * * *
The orc wizard hits you but does no damage.
The orc wizard points at you and mumbles some strange words.
The puff of frost hits you!
You die...

#.............##...#......#.#..#
#.............##..o#..#####.#.##
#####.........####.#. #.#.# #
#####....#########.# #####.#.##^
................##.# #.....#..'^
#####....######.##.# #.#####.##^
#....# #.##.# #.### #.# #
###############.##.# #.#.. #.##
................@o.# #.#.# ##.#
###############.##.####.#.# #.#
#.##......#.# #.#
#.#########.####.#
#................#
###########.#######
..........).... #..#####.######
........######


You could see an orc wizard.

Vanquished Creatures
  Robin (D:3)
  7 adders
  An ooze (D:1)
  4 worms (D:2)
  3 dart slugs
  2 leopard geckos
  3 orcs (D:3)
  3 ball pythons
  2 giant cockroaches (D:2)
  16 goblins
  11 hobgoblins
  4 kobolds
  5 bats
  2 frilled lizards (D:1)
  8 rats
  A spectral orc (D:3)
73 creatures vanquished.

Notes
Turn   | Place    | Note
-------+----------+-------------------------------------------
     0 | Abyss:1  | Faca the Halfling Abyssal Knight began the quest for the
                  | Orb.
     0 | Abyss:1  | Reached XP level 1. HP: 15/15 MP: 2/2
    28 | Abyss:1  | Noticed a neqoxec
    30 | D:1      | Escaped the Abyss
   123 | D:1      | Reached XP level 2. HP: 16/20 MP: 3/3
   233 | D:1      | Reached skill level 3 in Short Blades
   324 | D:1      | Reached * piety under Lugonu
   531 | D:1      | Reached XP level 3. HP: 25/26 MP: 4/4
  1019 | D:2      | Reached XP level 4. HP: 21/31 MP: 5/5
  1234 | D:2      | Reached skill level 4 in Short Blades
  1639 | D:2      | You fall through a shaft!
  1682 | D:3      | Found a basalt altar of Yredelemnul.
  2111 | D:2      | Reached XP level 5. HP: 32/37 MP: 6/6
  2450 | D:3      | Paralysed by a kobold for 6 turns
  2802 | D:3      | Reached ** piety under Lugonu
  2911 | D:3      | Noticed Robin
  2934 | D:3      | Killed Robin
  2934 | D:3      | Reached skill level 5 in Short Blades
  3227 | D:3      | Killed from afar by an orc wizard

Skill      XL: |  1  2  3  4  5 |
---------------+----------------+-----
Fighting       | 3 4 |  4.3
Short Blades   | 3 4 5 |  5.0
Armour         | |  2.1
Dodging        | |  1.1
Invocations    | |  2.0

Action                   |  1- 3 |  4- 6 || total
-------------------------+-------+-------++-------
Melee: Short sword       |   117 |   240 ||   357
Invok: Depart the Abyss  |     1 |       ||     1
  Use: Scroll            |       |     7 ||     7
  Eat: Chunk             |       |     7 ||     7
Armor: Ring mail         |    26 |    78 ||   104
Dodge: Dodged            |    66 |   121 ||   187
